 Dungeon Sprint DCSS version 0.21.1-1-g345015f (webtiles) character file.

646 Fang the Covert (level 7, -10/56 HPs)
             Began as a Demonspawn Assassin on June 8, 2018.
             Was an Elder of Trog.
             Mangled by a freezing wraith (16 damage)
             ... in the Dungeon (Sprint VII: "The Pits").
             The game lasted 00:01:39 (394 turns).

Fang the Covert (Demonspawn Assassin)                Turns: 394, Time: 00:01:39

Health: -10/56     AC:  9    Str: 13    XL:     7   Next: 27%
Magic:  1/7        EV: 13    Int: 12    God:    Trog [****..]
Gold:   0          SH:  0    Dex: 15    Spells: 6/6 levels left

rFire    . . .     SeeInvis .   r - +2 dagger (venom)
rCold    . . .     Gourm    .   (no shield)
rNeg     . . .     Faith    .   c - +0 robe
rPois    .         Spirit   .   (no helmet)
rElec    .         Reflect  .   d - +0 cloak
rCorr    .         Harm     .   (no gloves)
MR       .....     NoTele   +   (no boots)
Stlth    +++++.....             (no amulet)
HPRegen  0.18/turn              (no ring)
MPRegen  0.10/turn              (no ring)

@: sanguine armour, berserk cooldown, slowed, very slow
A: hooves 1, demonic guardian 1, spiny 1, sanguine armour 1
a: Berserk, Trog's Hand, Brothers in Arms, Burn Spellbooks, Renounce Religion


You were in the Dungeon.
You worshipped Trog.
Trog was greatly pleased with you.
You were not hungry.

You visited 1 branch

Inventory:

Hand Weapons
 a - a +2 dagger
 b - a +0 blowgun
 r - a +2 dagger of venom (weapon)
Missiles
 e - 8 poisoned needles
 f - 2 curare-tipped needles
 s - 6 poisoned javelins (quivered)
Armour
 c - a +0 robe (worn)
 d - a +0 cloak (worn)
Scrolls
 m - a scroll of blinking
 o - 3 scrolls of remove curse
 p - a scroll of summoning
Potions
 h - 6 potions of curing
 i - 5 potions of heal wounds
 j - a potion of haste
 k - 4 potions of magic
 l - 3 potions of berserk rage
 n - 2 potions of invisibility
Comestibles
 g - 9 rations
 q - 3 chunks of flesh


   Skills:
 + Level 5.0 Fighting
 + Level 5.2 Short Blades
 + Level 4.0 Throwing
 + Level 3.1 Dodging
 + Level 13.1 Stealth


You had 6 spell levels left.
You didn't know any spells.

Dungeon Overview and Level Annotations

Branches:
Dungeon (1/1)

Altars:
Cheibriados
Dithmenos
Elyvilon
Fedhas
Gozag
Hepliaklqana
Makhleb
Nemelex Xobeh
Okawaru
Qazlal
Ru
Sif Muna
Trog
Vehumet
Wu Jian
Xom
Yredelemnul
Zin
The Shining One
Beogh
Jiyva
Lugonu


Innate Abilities, Weirdness & Mutations

You have large cloven feet.
A weak demonic guardian rushes to your aid.
You are partially covered in sharp spines.
When seriously injured, your bleeding wounds create armour. (AC +6)


Message History

You kick the freezing wraith.
The freezing wraith is moderately damaged.
The freezing wraith hits you but does no damage.
The freezing wraith hits you.
* * * LOW HITPOINT WARNING * * *
The freezing wraith drains your vigour!
You feel as though you will be slow longer.
The gnoll completely misses you. The gnoll hits you but does no damage.
You hit the freezing wraith. You kick the freezing wraith.
The freezing wraith is heavily damaged.
You are no longer berserk.
You are exhausted.
You feel as though you will be slow longer.
The gnoll misses you.
Your iron imp hits the freezing wraith but does no damage.
The freezing wraith is struck by your spines.
The freezing wraith hits you.
* * * LOW HITPOINT WARNING * * *
The freezing wraith freezes you!
You die...

#.#.....#'###...<...#
#.#........##.......#
#.#........##.......#
#'###########.......#
#.......# #########
#..†#...# ######
#..)#...# #g...#
#.##.##.#+#)...#
#...#...#55@g..+
#...#...#'#W...#
#.......'.#....#
################


You could see a freezing wraith, 2 gnolls, a friendly iron imp and a friendly
shadow imp.

Vanquished Creatures
  A flying skull (D)
  A basilisk (D)
  A phantom (D)
  A big kobold (D)
  A killer bee (D)
  A gnoll shaman (D)
  2 worker ants (D)
  3 gnolls (D)
  2 adders (D)
  A river rat (D)
  An orc (D)
  A giant cockroach (D)
  A hobgoblin (D)
  A kobold (D)
  A bat (D)
  2 rats (D)
21 creatures vanquished.

Vanquished Creatures (collateral kills)
  A jelly (D)
1 creature vanquished.

Grand Total: 22 creatures vanquished

Notes
Turn   | Place    | Note
-------+----------+-------------------------------------------
     0 | D        | Fang the Demonspawn Assassin began the quest for the Orb.
     0 | D        | Reached XP level 1. HP: 16/16 MP: 1/1
    20 | D        | Found a bloodstained altar of Trog.
    20 | D        | Found a deep blue altar of Sif Muna.
    20 | D        | Found a viscous altar of Jiyva.
    20 | D        | Found a hazy altar of Hepliaklqana.
    20 | D        | Found an opulent altar of Gozag.
    21 | D        | Found a glowing golden altar of the Shining One.
    21 | D        | Found a glowing silver altar of Zin.
    21 | D        | Found a basalt altar of Yredelemnul.
    21 | D        | Found a shimmering altar of Xom.
    21 | D        | Found an ornate altar of the Wu Jian Council.
    21 | D        | Found a sacrificial altar of Ru.
    21 | D        | Found a stormy altar of Qazlal.
    21 | D        | Found an iron altar of Okawaru.
    21 | D        | Found a sparkling altar of Nemelex Xobeh.
    21 | D        | Found a burning altar of Makhleb.
    21 | D        | Found a blossoming altar of Fedhas.
    21 | D        | Found a white marble altar of Elyvilon.
    21 | D        | Found a shadowy altar of Dithmenos.
    21 | D        | Found a snail-covered altar of Cheibriados.
    24 | D        | Found a corrupted altar of Lugonu.
    24 | D        | Found a radiant altar of Vehumet.
    24 | D        | Found a roughly hewn altar of Beogh.
    25 | D        | Became a worshipper of Trog the Wrathful
    62 | D        | Reached skill level 5 in Stealth
    62 | D        | Gained mutation: A weak demonic guardian rushes to your aid. [demonic ancestry]
    62 | D        | Reached XP level 2. HP: 22/22 MP: 2/2
    69 | D        | Reached * piety under Trog
   142 | D        | Reached ** piety under Trog
   142 | D        | Reached skill level 1 in Dodging
   142 | D        | Reached skill level 6 in Stealth
   147 | D        | Reached skill level 7 in Stealth
   147 | D        | Reached XP level 3. HP: 28/28 MP: 3/3
   200 | D        | Noticed a big kobold
   203 | D        | Noticed a flying skull
   213 | D        | Killed a flying skull
   213 | D        | Reached skill level 10 in Stealth
   213 | D        | Reached XP level 4. HP: 26/36 MP: 4/4
   213 | D        | Gained mutation: When seriously injured, your bleeding wounds create armour. (AC +6) [demonic ancestry]
   213 | D        | Reached XP level 5. HP: 30/41 MP: 5/5
   214 | D        | Reached *** piety under Trog
   219 | D        | Reached skill level 11 in Stealth
   219 | D        | Gained mutation: You are partially covered in sharp spines. [demonic ancestry]
   219 | D        | Reached XP level 6. HP: 18/48 MP: 6/6
   225 | D        | Reached **** piety under Trog
   367 | D        | Received a gift from Trog
   367 | D        | Reached skill level 12 in Stealth
   374 | D        | Noticed a freezing wraith
   375 | D        | Noticed a basilisk
   385 | D        | Killed a basilisk
   385 | D        | Reached skill level 5 in Short Blades
   385 | D        | Reached skill level 13 in Stealth
   385 | D        | Gained mutation: You have large cloven feet. [demonic ancestry]
   385 | D        | Reached XP level 7. HP: 55/55 MP: 0/7
   388 | D        | Received a gift from Trog
   389 | D        | Reached skill level 5 in Fighting
   394 | D        | Mangled by a freezing wraith

Skill      XL: |  1  2  3  4  5  6  7 |
---------------+----------------------+-----
Short Blades   | 2 3 4 5 |  5.2
Throwing       | 2 3 4 |  4.0
Stealth        | 5 7 10 11 13 | 13.1
Dodging        | 1 2 3 |  3.1
Fighting       | 3 4 5 |  5.0

Action                   |  1- 3 |  4- 6 |  7- 9 || total
-------------------------+-------+-------+-------++-------
Melee: Dagger            |    27 |    20 |     7 ||    54
       Kick              |       |       |     5 ||     5
Invok: Berserk           |     1 |     1 |       ||     2
  Use: Potion            |       |     1 |       ||     1
 Stab: Sleeping          |     6 |     2 |       ||     8
Armor: Robe              |     1 |     3 |     4 ||     8
Dodge: Dodged            |    11 |    11 |    13 ||    35
